 Dungeon Crawl Stone Soup version 0.27.1-33-g824d729ab1 (webtiles) character file.

Game seed: 3588479862758220211

214 belegose the Ducker (level 6, -2/45 HPs)
             Began as a Djinni Hedge Wizard on Dec 4, 2021.
             Slain by Duvessa (9 damage)
             ... on level 4 of the Dungeon.
             The game lasted 00:12:18 (5513 turns).

belegose the Ducker (Djinni Hedge Wizard)           Turns: 5513, Time: 00:12:18

Health: -2/45      AC:  2    Str: 10    XL:     6   Next: 14%
Gold:   178        EV: 13    Int: 16    God:
                   SH:  5    Dex: 13

rFire    + + .     SeeInvis +   k - +0 quarterstaff
rCold    . . .     Faith    .   (shield currently unavailable)
rNeg     . . .     Spirit   .   f - +0 robe
rPois    ∞         Reflect  +   c - +0 hat
rElec    .         Harm     .   (no cloak)
rCorr    .         Rampage  .   (no gloves)
Will     .....                  (boots unavailable)
Stlth    ++........             h - amulet of reflection
HPRegen  0.15/turn              p - ring of see invisible
MPRegen  0.00/turn              l - ring of protection from cold

@: flying, very slightly contaminated
A: sickness immunity, fire resistance 2, cold vulnerability 1, float, innate
caster, hp casting, extra vitality 1
a: no special abilities


You were on level 4 of the Dungeon.
You visited 1 branch of the dungeon, and saw 4 of its levels.

You collected 178 gold pieces.

Inventory:

Hand Weapons
 a - a +0 dagger
 b - a +0 hunting sling
 k - a +0 quarterstaff (weapon)
 v - a +0 falchion
 x - a +2 dagger of venom
Missiles
 e - 120 stones
Armour
 c - a +0 hat (worn)
 f - a +0 robe (worn)
 w - a +0 buckler
Jewellery
 h - an amulet of reflection (around neck)
 j - a ring of protection from fire
 l - a ring of protection from cold (right hand)
 p - a ring of see invisible (left hand)
Scrolls
 g - 2 scrolls of blinking {unknown}
 i - 3 scrolls of fear {unknown}
 n - 3 scrolls of identify {unknown}
 o - 2 scrolls of magic mapping {unknown}
 r - a scroll of enchant armour {unknown}
 t - a scroll of amnesia {unknown}
Potions
 d - 3 potions of mutation {unknown}
 m - a potion of might {unknown}
 q - a potion of magic {unknown}
 s - 2 potions of brilliance {unknown}
 u - 2 potions of resistance {unknown}


   Skills:
 + Level 2.4 Fighting
 + Level 3.7 Dodging
 + Level 2.9 Stealth
 + Level 3.2 Spellcasting


You couldn't memorise any spells.
You knew the following spells:

 Your Spells              Type           Power      Damage    Failure   Level
a - Magic Dart            Conj           48%        1d5       4%          1
b - Blink                 Tloc           N/A        N/A       8%          2
c - Call Imp              Summ           12%        N/A       8%          2
d - Slow                  Hex            12%        N/A       8%          2
e - Conjure Flame         Conj/Fire      12%        6-21      14%         3
f - Mephitic Cloud        Conj/Pois/Air  12%        N/A       14%         3
g - Pain                  Necr           48%        1d6       4%          1
h - Passwall              Tmut/Erth      10%        N/A       8%          2
Your spell library was empty.

Dungeon Overview and Level Annotations

Branches:
Dungeon (4/15)
 Temple: D:4-7

Altars:
Cheibriados
Gozag
Okawaru
Sif Muna
The Shining One

Annotations:
D:4 Duvessa


Innate Abilities, Weirdness & Mutations

You are immune to sickness and miasma.
You are immune to poison.
Your flesh is very heat resistant. (rF++)
You are vulnerable to cold. (rC-)
You float through the air rather than walking.
You learn spells naturally, not from books.
Your magical power is your life essence.
You have superior vitality. (+4 HP)


Message History

Duvessa hits your shadow imp with a +0 short sword!
Your shadow imp dies!
Your shadow imp disappears in a puff of smoke!
Casting: Call Imp (safe; 8% risk of failure)
Confirm with . or Enter, or press ? or * to list all spells.
Aiming: Slow (safe; 8% risk of failure)
Press: ? - help, Shift-Dir - straight line, f - Duvessa
Aim: Duvessa, wielding a +0 short sword, wearing a +0 leather armour and carrying a wand of digging (7) (lightly wounded, berserk, ally target, chance to affect: 31%)
Okay, then.
Casting: Slow (safe; 8% risk of failure)
Confirm with . or Enter, or press ? or * to list all spells.
You miscast Call Imp.
You are very lightly contaminated with residual magic.
Nothing appears to happen.
Unknown command.
Casting: Call Imp (safe; 8% risk of failure)
Confirm with . or Enter, or press ? or * to list all spells.
A beastly little devil appears in a puff of flame.
Duvessa hits you with a +0 short sword! Duvessa hits you with a +0 short sword!
* * * LOW HITPOINT WARNING * * *
Your crimson imp hits Duvessa but does no damage.
Duvessa closely misses your crimson imp.
Your crimson imp hits Duvessa but does no damage.
Your crimson imp closely misses Duvessa.
Duvessa hits your crimson imp with a +0 short sword!
Your crimson imp dies!
Your crimson imp disappears in a puff of smoke!
Your crimson imp completely misses Duvessa.
Casting: Call Imp (safe; 8% risk of failure)
Confirm with . or Enter, or press ? or * to list all spells.
Aiming: Mephitic Cloud (dangerous; 14% risk of failure)
Press: ? - help, Shift-Dir - straight line The ball explodes into a vile cloud!
The stinking cloud engulfs Duvessa but does no damage.
Duvessa is lightly wounded.
* * * LOW HITPOINT WARNING * * *
You hear a shout!
Duvessa hits you with a +0 short sword!
You die...

#........#.#....##...##...# #..
#........#......##...##...# ..
#........#......#######...# ..
#........#............#.... .
#........#............+....
####'#........#########....#....
##....#................#....#....
#.....'................#...##'###
#.....#.........@......#...##..##
#.....#........e....[..#.........
#.... #......5.○☼☼.....+.........
#.... #........○.○.....#.........
#### #................#####...##
...........#+######+#... #...##
...........# ... #...#.
...........# ... #...#.
...........# ......#...#.


You could see Duvessa (berserk, ally target) and a friendly crimson imp
(summoned).

Vanquished Creatures
  5 adders
  A worm (D:3)
  3 dart slugs
  5 endoplasms
  3 giant cockroaches
  7 hobgoblins
  3 kobolds (D:1)
  6 quokkas
  5 ball pythons
  5 bats
  2 frilled lizards (D:1)
  5 goblins
  8 rats
58 creatures vanquished.

Vanquished Creatures (collateral kills)
  An ogre (D:4)
  A scorpion (D:4)
  Dowan (D:4)
3 creatures vanquished.

Grand Total: 61 creatures vanquished

Notes
Turn   | Place    | Note
-------+----------+-------------------------------------------
     0 | D:1      | belegose the Djinni Hedge Wizard began the quest for the
                  | Orb.
     0 | D:1      | Reached XP level 1. HP: 15/15 MP: 0/0
   418 | D:1      | Reached XP level 2. HP: 21/22 MP: 0/0
  1201 | D:1      | Reached skill level 1 in Fighting
  1201 | D:1      | Reached XP level 3. HP: 25/27 MP: 0/0
  1201 | D:1      | Learned a level 1 spell: Pain
  2145 | D:2      | Reached XP level 4. HP: 32/32 MP: 0/0
  2169 | D:2      | Found a faded altar of an unknown god.
  3349 | D:3      | Noticed a black bear
  3587 | D:3      | Found a snail-covered altar of Cheibriados.
  4008 | D:3      | Found an opulent altar of Gozag.
  4675 | D:3      | Found an iron altar of Okawaru.
  4830 | D:4      | Reached XP level 5. HP: 34/38 MP: 0/0
  4830 | D:4      | Learned a level 2 spell: Passwall
  4986 | D:4      | Noticed Dowan
  5020 | D:4      | Killed Dowan
  5181 | D:4      | Noticed an ogre
  5311 | D:4      | Killed an ogre
  5312 | D:4      | Reached XP level 6. HP: 40/45 MP: 0/0
  5430 | D:4      | Found a glowing golden altar of the Shining One.
  5497 | D:4      | Noticed Duvessa
  5513 | D:4      | Slain by Duvessa

Illustrated notes

Levels and vault maps discovered:
D:1:      saegor_arrival_simple_a, layout_basic
D:2:      layout_loops_corners, hellmonk_ecumenical_altar_leap_of_faith,
          wad_floor_pattern_untrapped, minmay_indecisive_spiral
D:3:      layout_loops_corners, mainiacjoe_overflow_alcove_2,
          nicolae_overflow_hidden_temple, skrybe_limestone_x,
          kennysheep_cluttered_room
D:4:      layout_gridville, tso_metal_star, uniq_duvessa

Skill      XL: |  1  2  3  4  5 |
---------------+----------------+-----
Fighting       | 1 2 |  2.4
Stealth        | 2 |  2.9
Dodging        | 3 |  3.7
Spellcasting   | 3 |  3.2

Action                   |  1- 3 |  4- 6 || total
-------------------------+-------+-------++-------
Melee: Dagger            |    49 |    35 ||    84
       Quarterstaff      |       |    49 ||    49
 Fire: Hunting sling     |     1 |     4 ||     5
 Cast: Magic Dart        |    65 |    25 ||    90
       Call Imp          |       |    14 ||    14
       Blink             |       |     2 ||     2
       Mephitic Cloud    |       |     1 ||     1
 Stab: Sleeping          |     4 |     1 ||     5
       Distracted        |     1 |       ||     1
Armor: Robe              |    10 |    12 ||    22
Dodge: Dodged            |    38 |    59 ||    97
Block: Other             |    10 |    21 ||    31
       Reflection        |       |     1 ||     1
